[ PARTIDA AOE2 · #486212457 ]
UnrankedEslavos vs Gurjaras
Equipo del jugador · DERR
[ ANÁLISIS DE REPETICIÓN · EXTRAÍDO DE LA PARTIDA GRABADA ]
Feudal
17:34
Castillos
21:54
Imperial
39:35
| APM promedio | 11.8 |
| APM pico | 31 |
| eAPM promedio | 10.0 |
| Aldeanos / militares | 154 / 352 |
Foco
⚔️ 39.5% · 🌾 60.5%
Spearman ×209 · Militia ×107 · Battering Ram ×27 · Trade Cart ×10 · Trebuchet (Packed) ×7 · Monk ×2
Feudal
15:34
Castillos
19:45
Imperial
46:04
| APM promedio | 13.5 |
| APM pico | 29 |
| eAPM promedio | 9.8 |
| Aldeanos / militares | 104 / 119 |
Foco
⚔️ 33.5% · 🌾 66.5%
Chakram Thrower ×72 · Militia ×47 · Trade Cart ×10 · Fishing Ship ×5
Feudal
11:50
Castillos
17:28
Imperial
30:39
| APM promedio | 15.8 |
| APM pico | 41 |
| eAPM promedio | 10.0 |
| Aldeanos / militares | 102 / 221 |
Foco
⚔️ 34.3% · 🌾 65.7%
Leitis ×54 · Knight ×47 · Scout Cavalry ×39 · Hand Cannoneer ×35 · Spearman ×29 · Trade Cart ×15
Feudal
11:10
Castillos
19:31
Imperial
39:25
| APM promedio | 23.2 |
| APM pico | 110 |
| eAPM promedio | 16.6 |
| Aldeanos / militares | 97 / 152 |
Foco
⚔️ 25.7% · 🌾 74.3%
Ballista Elephant ×151 · Trade Cart ×13 · Fishing Ship ×8 · Monk ×1
Feudal
—
Castillos
—
Imperial
—
| APM promedio | 14.5 |
| APM pico | 48 |
| eAPM promedio | 11.0 |
| Aldeanos / militares | 123 / 174 |
Foco
⚔️ 21.1% · 🌾 78.9%
War Elephant ×124 · Hand Cannoneer ×50 · Trade Cart ×30
Feudal
12:30
Castillos
19:30
Imperial
38:02
| APM promedio | 16.9 |
| APM pico | 34 |
| eAPM promedio | 13.2 |
| Aldeanos / militares | 119 / 219 |
Foco
⚔️ 39.4% · 🌾 60.6%
Cavalry Archer ×100 · Spearman ×99 · Unknown (1944) ×42 · Unknown (1959) ×39 · Monk ×19 · Fishing Ship ×9
Feudal
13:04
Castillos
22:34
Imperial
33:06
| APM promedio | 13.3 |
| APM pico | 35 |
| eAPM promedio | 11.8 |
| Aldeanos / militares | 103 / 640 |
Foco
⚔️ 37.1% · 🌾 62.9%
Huskarl ×395 · Spearman ×229 · Trade Cart ×20 · Trebuchet (Packed) ×10 · Fishing Ship ×6 · Battering Ram ×4
Feudal
12:42
Castillos
21:14
Imperial
41:19
| APM promedio | 17.8 |
| APM pico | 49 |
| eAPM promedio | 13.6 |
| Aldeanos / militares | 106 / 418 |
Foco
⚔️ 35.7% · 🌾 64.3%
Petard ×167 · Bolas Rider ×119 · Kona ×68 · Skirmisher ×38 · Spearman ×22 · Trade Cart ×22
Mapa de la partida
Recursos iniciales + cada clic de construcción. Líneas = muros · curvas = relieve. ◆ oro · ⬟ piedra · ● bayas · ✦ reliquia · ◌ hueco del cierre
Tu base· ✓ Cerrada en 21:54 · 40t muro · 2 puerta(s)
Base de tatomagallanes· ✓ Cerrada en 19:45 · 24t muro · sin puerta
Base de Fluvialgeomorphologist· ✓ Cerrada en 17:28 · 0t muro · sin puerta
Base de vitavidal91· ✓ Cerrada en 19:31 · 0t muro · sin puerta
Base de ImpactMak50· ✓ Cerrada en 17:21 · 35t muro · 2 puerta(s)
Base de GuilleLeopold17· ✓ Cerrada en 19:30 · 0t muro · sin puerta
Base de Viejo_Lobo_17· ✓ Cerrada en 22:34 · 6t muro · sin puerta
Base de felipegarcia92· ✓ Cerrada en 21:14 · 33t muro · sin puerta
Terreno inicial suavizado · ◌ = hueco del cierre detectado · pasá el cursor para detalles
Inputs por minuto
— Cpl.Psnype.ANZACS.NZ - - tatomagallanes
Build order — Cpl.Psnype.ANZACS.NZ
Primeras 150 de 337 acciones detectadas
| 0:02 | Encolar | Villager (Male) ×4 |
| 0:03 | Encolar | Villager (Male) ×4 |
| 0:04 | Construir | House |
| 0:06 | Construir | House |
| 1:31 | Construir | Palisade Wall |
| 1:44 | Encolar | Villager (Male) |
| 1:58 | Construir | Palisade Wall |
| 2:29 | Construir | Palisade Wall |
| 3:12 | Encolar | Villager (Male) |
| 3:12 | Encolar | Villager (Male) |
| 3:13 | Encolar | Villager (Male) |
| 3:39 | Encolar | Villager (Male) |
| 3:39 | Encolar | Villager (Male) |
| 4:07 | Encolar | Villager (Male) |
| 4:43 | Construir | Palisade Gate |
| 4:50 | Encolar | Villager (Male) |
| 4:54 | Encolar | Villager (Male) |
| 5:17 | Encolar | Villager (Male) |
| 5:32 | Construir | Palisade Wall |
| 5:39 | Encolar | Villager (Male) |
| 5:39 | Encolar | Villager (Male) |
| 5:47 | Construir | House |
| 5:48 | Construir | House |
| 6:05 | Encolar | Villager (Male) |
| 6:28 | Encolar | Villager (Male) |
| 6:46 | Encolar | Villager (Male) |
| 6:57 | Construir | Palisade Wall |
| 7:02 | Encolar | Villager (Male) |
| 7:31 | Construir | Outpost |
| 7:43 | Encolar | Villager (Male) |
| 7:43 | Encolar | Villager (Male) |
| 7:59 | Construir | Lumber Camp |
| 8:16 | Encolar | Villager (Male) |
| 8:38 | Encolar | Villager (Male) |
| 8:57 | Construir | House |
| 9:05 | Investigar | Loom |
| 9:12 | Construir | House |
| 9:14 | Construir | House |
| 9:45 | Construir | House |
| 10:29 | Construir | Mill |
| 10:36 | Encolar | Villager (Male) |
| 10:36 | Encolar | Villager (Male) |
| 10:37 | Encolar | Villager (Male) |
| 10:38 | Encolar | Villager (Male) |
| 10:39 | Encolar | Villager (Male) |
| 10:40 | Encolar | Villager (Male) |
| 10:50 | Construir | Barracks |
| 11:58 | Construir | House |
| 12:05 | Encolar | Villager (Male) |
| 12:48 | Construir | Mill |
| 13:10 | Construir | Palisade Wall |
| 13:16 | Construir | Palisade Wall |
| 13:18 | Construir | Palisade Wall |
| 13:29 | Encolar | Villager (Male) |
| 14:08 | Construir | Farm |
| 14:08 | Construir | Farm |
| 14:08 | Construir | Farm |
| 14:09 | Construir | Farm |
| 14:09 | Construir | Farm |
| 14:09 | Construir | Farm |
| 14:10 | Construir | Farm |
| 14:34 | Encolar | Villager (Male) |
| 14:38 | Encolar | Villager (Male) |
| 15:11 | Construir | Mining Camp |
| 15:14 | Investigar | Feudal Age |
| 16:17 | Encolar | Villager (Male) |
| 16:17 | Encolar | Villager (Male) |
| 17:12 | Construir | Farm |
| 17:34 | Edad | Edad Feudal |
| 17:35 | Encolar | Spearman |
| 17:35 | Encolar | Spearman |
| 17:37 | Encolar | Spearman |
| 17:39 | Encolar | Spearman |
| 17:53 | Encolar | Villager (Male) |
| 18:01 | Construir | Market |
| 18:06 | Construir | Blacksmith |
| 18:35 | Encolar | Spearman |
| 18:40 | Construir | Mining Camp |
| 18:43 | Encolar | Villager (Male) |
| 18:52 | Investigar | Castle Age |
| 20:03 | Construir | Gate |
| 20:08 | Investigar | Man-at-Arms (upgrade) |
| 20:23 | Encolar | Villager (Male) |
| 20:23 | Encolar | Villager (Male) |
| 20:25 | Investigar | Stone Mining |
| 20:27 | Investigar | Horse Collar |
| 20:31 | Investigar | Double-Bit Axe |
| 20:44 | Construir | Farm |
| 20:44 | Construir | Farm |
| 20:45 | Construir | Farm |
| 20:45 | Construir | Farm |
| 20:51 | Investigar | Scale Mail Armor |
| 20:51 | Investigar | Forging |
| 21:25 | Construir | Lumber Camp |
| 21:54 | Edad | Edad de los Castillos |
| 21:55 | Investigar | Heavy Plow |
| 21:55 | Investigar | Bow Saw |
| 22:14 | Construir | Town Center |
| 22:32 | Construir | Town Center |
| 22:40 | Encolar | Villager (Male) |
| 23:03 | Encolar | Villager (Male) ×5 |
| 23:10 | Construir | Farm |
| 23:24 | Construir | House |
| 23:50 | Encolar | Villager (Male) |
| 23:59 | Encolar | Villager (Male) |
| 24:00 | Encolar | Villager (Male) |
| 24:05 | Encolar | Villager (Male) ×5 |
| 24:08 | Encolar | Villager (Male) ×3 |
| 24:15 | Construir | Farm |
| 24:16 | Construir | Farm |
| 24:44 | Construir | Monastery |
| 24:56 | Encolar | Villager (Male) ×4 |
| 25:31 | Encolar | Monk |
| 25:42 | Construir | House |
| 25:47 | Construir | House |
| 25:48 | Construir | House |
| 25:52 | Construir | House |
| 25:57 | Encolar | Villager (Male) ×5 |
| 26:08 | Construir | House |
| 26:16 | Encolar | Villager (Male) ×2 |
| 26:49 | Construir | Barracks |
| 26:50 | Construir | Barracks |
| 26:51 | Construir | Barracks |
| 26:56 | Construir | Siege Workshop |
| 26:59 | Construir | Siege Workshop |
| 27:07 | Construir | Barracks |
| 27:12 | Encolar | Villager (Male) ×5 |
| 27:50 | Encolar | Villager (Male) ×3 |
| 28:05 | Construir | Farm |
| 28:07 | Construir | Farm |
| 28:08 | Construir | Farm |
| 28:10 | Construir | Farm |
| 28:12 | Construir | Farm |
| 28:13 | Construir | Farm |
| 28:16 | Construir | Farm |
| 28:17 | Construir | Farm |
| 28:22 | Construir | Farm |
| 28:26 | Encolar | Villager (Male) ×3 |
| 28:35 | Construir | Farm |
| 28:36 | Construir | Farm |
| 28:36 | Construir | Farm |
| 28:37 | Construir | Farm |
| 28:38 | Construir | Farm |
| 28:39 | Construir | Farm |
| 28:40 | Construir | Farm |
| 28:41 | Construir | Farm |
| 28:47 | Encolar | Villager (Male) ×2 |
| 28:59 | Encolar | Battering Ram |
| 28:59 | Encolar | Battering Ram |
| 29:02 | Encolar | Battering Ram |
Build order — tatomagallanes
Primeras 150 de 378 acciones detectadas
| 0:02 | Encolar | Villager (Male) |
| 0:03 | Encolar | Villager (Male) |
| 0:03 | Encolar | Villager (Male) |
| 0:03 | Encolar | Villager (Male) |
| 0:07 | Construir | House |
| 0:11 | Construir | House |
| 1:25 | Investigar | Loom |
| 1:58 | Construir | Palisade Wall |
| 2:08 | Encolar | Villager (Male) |
| 2:08 | Encolar | Villager (Male) |
| 3:13 | Encolar | Villager (Male) |
| 3:14 | Encolar | Villager (Male) |
| 3:52 | Encolar | Villager (Male) |
| 3:52 | Encolar | Villager (Male) |
| 4:23 | Encolar | Villager (Male) |
| 4:23 | Encolar | Villager (Male) |
| 4:48 | Encolar | Villager (Male) |
| 5:14 | Construir | Mill |
| 5:30 | Encolar | Villager (Male) |
| 5:31 | Encolar | Villager (Male) |
| 5:57 | Encolar | Villager (Male) |
| 6:17 | Encolar | Villager (Male) |
| 6:26 | Construir | House |
| 7:13 | Encolar | Villager (Male) |
| 7:13 | Encolar | Villager (Male) |
| 8:26 | Encolar | Villager (Male) |
| 8:26 | Encolar | Villager (Male) |
| 8:39 | Construir | Lumber Camp |
| 8:42 | Encolar | Villager (Male) |
| 8:42 | Encolar | Villager (Male) |
| 8:59 | Construir | Palisade Wall |
| 9:52 | Construir | House |
| 10:05 | Construir | Palisade Wall |
| 10:17 | Encolar | Villager (Male) |
| 10:33 | Encolar | Villager (Male) |
| 10:39 | Construir | Farm |
| 10:51 | Construir | Palisade Wall |
| 11:04 | Construir | House |
| 11:14 | Encolar | Villager (Male) |
| 11:52 | Construir | Farm |
| 11:54 | Encolar | Villager (Male) |
| 11:55 | Encolar | Villager (Male) |
| 12:01 | Construir | Farm |
| 12:02 | Construir | Farm |
| 12:04 | Encolar | Villager (Male) |
| 12:29 | Construir | Mining Camp |
| 13:24 | Investigar | Feudal Age |
| 14:14 | Construir | Barracks |
| 15:02 | Encolar | Villager (Male) |
| 15:02 | Encolar | Villager (Male) |
| 15:06 | Encolar | Villager (Male) |
| 15:34 | Edad | Edad Feudal |
| 15:39 | Construir | Stable |
| 15:49 | Construir | Blacksmith |
| 17:05 | Investigar | Castle Age |
| 18:09 | Construir | Mining Camp |
| 18:28 | Construir | Mill |
| 19:02 | Construir | Market |
| 19:25 | Construir | Farm |
| 19:27 | Construir | Farm |
| 19:29 | Construir | Farm |
| 19:45 | Edad | Edad de los Castillos |
| 19:47 | Construir | Watch Tower |
| 20:37 | Construir | Stone Wall |
| 20:52 | Construir | Stone Wall |
| 21:04 | Construir | Stone Wall |
| 21:14 | Construir | Stone Wall |
| 21:30 | Encolar | Villager (Male) |
| 21:31 | Encolar | Villager (Male) |
| 21:45 | Construir | House |
| 21:52 | Encolar | Villager (Male) |
| 21:52 | Encolar | Villager (Male) |
| 22:03 | Construir | House |
| 22:31 | Construir | House |
| 22:38 | Encolar | Villager (Male) |
| 22:38 | Encolar | Villager (Male) |
| 22:47 | Construir | House |
| 22:53 | Construir | Farm |
| 23:13 | Construir | Stone Wall |
| 23:23 | Construir | Stone Wall |
| 23:34 | Construir | Farm |
| 23:41 | Construir | Town Center |
| 24:40 | Encolar | Villager (Male) |
| 24:40 | Encolar | Villager (Male) |
| 24:40 | Encolar | Villager (Male) |
| 24:49 | Investigar | Double-Bit Axe |
| 25:07 | Encolar | Villager (Male) |
| 25:08 | Encolar | Villager (Male) |
| 25:52 | Construir | Farm |
| 25:54 | Encolar | Villager (Male) |
| 26:06 | Construir | Town Center |
| 26:12 | Construir | Farm |
| 26:15 | Encolar | Villager (Male) |
| 26:18 | Encolar | Villager (Male) |
| 26:21 | Encolar | Villager (Male) |
| 26:24 | Investigar | Bow Saw |
| 26:32 | Investigar | Stone Mining |
| 26:39 | Encolar | Villager (Male) |
| 26:45 | Construir | Farm |
| 26:49 | Encolar | Villager (Male) |
| 27:05 | Construir | Dock |
| 27:10 | Encolar | Villager (Male) |
| 27:10 | Encolar | Villager (Male) |
| 27:16 | Encolar | Villager (Male) |
| 27:26 | Construir | House |
| 27:27 | Construir | House |
| 27:28 | Construir | House |
| 27:30 | Construir | House |
| 27:31 | Construir | House |
| 27:32 | Construir | House |
| 27:40 | Construir | Farm |
| 27:43 | Encolar | Villager (Male) |
| 27:47 | Encolar | Villager (Male) |
| 27:53 | Encolar | Villager (Male) |
| 27:58 | Encolar | Fishing Ship |
| 28:06 | Construir | Farm |
| 28:09 | Encolar | Villager (Male) |
| 28:12 | Encolar | Villager (Male) |
| 28:23 | Construir | Castle |
| 28:33 | Investigar | Stone Shaft Mining |
| 28:38 | Investigar | Caravan |
| 28:41 | Encolar | Villager (Male) |
| 28:47 | Encolar | Villager (Male) |
| 28:59 | Encolar | Villager (Male) |
| 29:02 | Encolar | Villager (Male) |
| 29:23 | Construir | Farm |
| 29:24 | Construir | Farm |
| 29:25 | Construir | Farm |
| 29:26 | Construir | Farm |
| 29:32 | Construir | Farm |
| 29:37 | Encolar | Villager (Male) |
| 29:37 | Encolar | Villager (Male) |
| 29:41 | Investigar | Wheelbarrow |
| 29:55 | Investigar | Gold Mining |
| 29:58 | Encolar | Villager (Male) |
| 30:02 | Encolar | Villager (Male) |
| 30:02 | Encolar | Villager (Male) |
| 30:03 | Encolar | Villager (Male) |
| 30:15 | Construir | Farm |
| 30:20 | Construir | Farm |
| 30:27 | Construir | Farm |
| 30:33 | Construir | Farm |
| 30:50 | Encolar | Villager (Male) |
| 30:53 | Encolar | Trade Cart |
| 30:53 | Encolar | Trade Cart |
| 31:36 | Construir | Farm |
| 31:37 | Construir | Farm |
| 31:43 | Investigar | Hand Cart |
| 31:46 | Encolar | Villager (Male) |
| 31:46 | Encolar | Villager (Male) |
Build order — Fluvialgeomorphologist
Primeras 150 de 289 acciones detectadas
| 0:04 | Encolar | Villager (Male) |
| 0:04 | Encolar | Villager (Male) |
| 0:04 | Encolar | Villager (Male) |
| 0:07 | Construir | House |
| 0:10 | Construir | House |
| 1:14 | Encolar | Villager (Male) |
| 1:14 | Encolar | Villager (Male) |
| 1:14 | Encolar | Villager (Male) |
| 2:04 | Encolar | Villager (Male) |
| 2:04 | Encolar | Villager (Male) |
| 3:18 | Encolar | Villager (Male) |
| 3:18 | Encolar | Villager (Male) |
| 3:18 | Encolar | Villager (Male) |
| 3:29 | Construir | Lumber Camp |
| 4:30 | Construir | Mill |
| 4:43 | Encolar | Villager (Male) |
| 4:44 | Encolar | Villager (Male) |
| 4:44 | Encolar | Villager (Male) |
| 4:48 | Construir | House |
| 4:52 | Investigar | Loom |
| 4:55 | Encolar | Villager (Male) |
| 4:55 | Encolar | Villager (Male) |
| 4:56 | Encolar | Villager (Male) |
| 6:10 | Encolar | Villager (Male) |
| 6:10 | Encolar | Villager (Male) |
| 6:10 | Encolar | Villager (Male) |
| 6:11 | Encolar | Villager (Male) |
| 6:17 | Construir | House |
| 6:31 | Construir | Mining Camp |
| 7:57 | Encolar | Villager (Male) |
| 7:58 | Encolar | Villager (Male) |
| 7:58 | Encolar | Villager (Male) |
| 7:58 | Encolar | Villager (Male) |
| 9:40 | Investigar | Feudal Age |
| 11:50 | Edad | Edad Feudal |
| 12:04 | Construir | Market |
| 12:08 | Investigar | Double-Bit Axe |
| 13:58 | Construir | Blacksmith |
| 14:08 | Construir | House |
| 14:48 | Investigar | Castle Age |
| 15:16 | Investigar | Horse Collar |
| 15:54 | Construir | Lumber Camp |
| 16:05 | Construir | House |
| 16:07 | Construir | House |
| 16:08 | Construir | House |
| 16:10 | Construir | House |
| 17:28 | Edad | Edad de los Castillos |
| 17:32 | Construir | Town Center |
| 17:43 | Construir | Town Center |
| 17:47 | Investigar | Wheelbarrow |
| 17:57 | Investigar | Heavy Plow |
| 18:00 | Investigar | Bow Saw |
| 18:27 | Construir | Farm |
| 18:28 | Construir | Farm |
| 18:50 | Construir | Farm |
| 18:51 | Construir | Farm |
| 18:51 | Construir | Farm |
| 19:04 | Encolar | Villager (Male) |
| 19:06 | Encolar | Villager (Male) |
| 19:07 | Encolar | Villager (Male) |
| 19:09 | Encolar | Villager (Male) |
| 19:09 | Encolar | Villager (Male) |
| 19:15 | Construir | Farm |
| 19:16 | Construir | Farm |
| 19:16 | Construir | Farm |
| 19:39 | Construir | Farm |
| 19:39 | Construir | Farm |
| 19:39 | Construir | Farm |
| 19:46 | Encolar | Villager (Male) ×5 |
| 19:47 | Encolar | Villager (Male) ×2 |
| 20:00 | Construir | Farm |
| 20:05 | Construir | Farm |
| 20:12 | Construir | Farm |
| 20:13 | Construir | Farm |
| 20:24 | Construir | Farm |
| 20:30 | Construir | Farm |
| 20:37 | Encolar | Villager (Male) ×3 |
| 20:44 | Construir | House |
| 20:45 | Construir | House |
| 20:45 | Construir | House |
| 20:46 | Construir | House |
| 21:11 | Construir | Barracks |
| 21:18 | Encolar | Villager (Male) ×5 |
| 21:32 | Construir | Farm |
| 21:32 | Construir | Farm |
| 21:33 | Construir | Farm |
| 21:42 | Construir | Farm |
| 21:43 | Construir | Farm |
| 21:45 | Construir | Farm |
| 22:02 | Encolar | Villager (Male) ×5 |
| 22:19 | Investigar | Gold Mining |
| 22:27 | Construir | Farm |
| 22:27 | Construir | Farm |
| 22:31 | Encolar | Villager (Male) ×2 |
| 22:48 | Construir | Farm |
| 22:49 | Construir | Farm |
| 22:55 | Construir | Farm |
| 22:59 | Construir | Farm |
| 23:02 | Investigar | Stone Mining |
| 23:06 | Encolar | Villager (Male) ×4 |
| 23:18 | Construir | Stable |
| 23:34 | Construir | Monastery |
| 23:44 | Encolar | Villager (Male) ×5 |
| 24:04 | Construir | Siege Workshop |
| 24:20 | Construir | University |
| 24:24 | Encolar | Villager (Male) ×5 |
| 24:27 | Encolar | Villager (Male) ×4 |
| 24:53 | Encolar | Monk |
| 25:02 | Investigar | Hand Cart |
| 25:05 | Encolar | Villager (Male) ×2 |
| 25:15 | Construir | Farm |
| 25:15 | Construir | Farm |
| 25:24 | Construir | Farm |
| 25:24 | Construir | Farm |
| 25:30 | Construir | Farm |
| 25:30 | Construir | Farm |
| 25:31 | Construir | Farm |
| 25:33 | Construir | Farm |
| 25:59 | Construir | Stone Wall |
| 26:03 | Construir | Gate |
| 26:39 | Encolar | Villager (Male) ×5 |
| 26:42 | Encolar | Villager (Male) ×5 |
| 26:48 | Construir | Farm |
| 26:48 | Construir | Farm |
| 26:49 | Construir | Farm |
| 26:50 | Construir | Farm |
| 26:50 | Construir | Farm |
| 27:18 | Investigar | Imperial Age |
| 27:50 | Construir | Stone Wall |
| 27:54 | Construir | Gate |
| 28:02 | Encolar | Villager (Male) ×5 |
| 28:03 | Encolar | Villager (Male) ×5 |
| 28:11 | Construir | House |
| 28:12 | Construir | House |
| 28:13 | Construir | House |
| 28:14 | Construir | House |
| 28:14 | Construir | House |
| 28:15 | Construir | House |
| 28:21 | Construir | House |
| 28:22 | Construir | House |
| 28:23 | Construir | House |
| 28:24 | Construir | House |
| 28:24 | Construir | House |
| 28:25 | Construir | House |
| 28:26 | Construir | House |
| 28:27 | Construir | House |
| 28:28 | Construir | House |
| 28:28 | Construir | House |
| 28:30 | Construir | House |
| 28:30 | Construir | House |
Build order — vitavidal91
Primeras 150 de 407 acciones detectadas
| 0:02 | Encolar | Villager (Male) |
| 0:02 | Encolar | Villager (Male) |
| 0:04 | Construir | House |
| 0:05 | Construir | House |
| 0:41 | Encolar | Villager (Male) |
| 0:54 | Encolar | Villager (Male) |
| 1:35 | Encolar | Villager (Male) |
| 1:48 | Construir | Dock |
| 1:59 | Encolar | Villager (Male) |
| 2:32 | Encolar | Villager (Male) |
| 2:59 | Encolar | Villager (Male) |
| 2:59 | Encolar | Villager (Male) |
| 3:28 | Encolar | Villager (Male) |
| 3:50 | Encolar | Villager (Male) |
| 4:12 | Encolar | Villager (Male) |
| 4:28 | Encolar | Villager (Male) |
| 4:39 | Investigar | Loom |
| 5:08 | Encolar | Villager (Male) |
| 5:21 | Construir | House |
| 5:49 | Encolar | Villager (Male) |
| 6:09 | Encolar | Villager (Male) |
| 6:27 | Encolar | Villager (Male) |
| 7:04 | Construir | House |
| 7:17 | Encolar | Fishing Ship |
| 7:29 | Encolar | Villager (Male) |
| 7:57 | Encolar | Fishing Ship |
| 8:00 | Encolar | Villager (Male) |
| 8:34 | Construir | Mill |
| 8:35 | Encolar | Villager (Male) |
| 8:58 | Investigar | Feudal Age |
| 9:07 | Encolar | Fishing Ship |
| 9:44 | Construir | Lumber Camp |
| 10:41 | Encolar | Villager (Male) |
| 11:03 | Encolar | Villager (Male) |
| 11:10 | Edad | Edad Feudal |
| 11:14 | Encolar | Villager (Male) |
| 11:17 | Construir | House |
| 11:38 | Encolar | Fishing Ship |
| 11:51 | Construir | Lumber Camp |
| 12:02 | Construir | Farm |
| 12:23 | Encolar | Villager (Male) |
| 12:27 | Construir | Farm |
| 12:52 | Construir | Farm |
| 13:08 | Encolar | Villager (Male) |
| 13:18 | Construir | Farm |
| 13:24 | Construir | House |
| 13:28 | Encolar | Villager (Male) |
| 14:00 | Construir | Mining Camp |
| 14:04 | Encolar | Villager (Male) |
| 14:06 | Encolar | Fishing Ship |
| 14:07 | Encolar | Fishing Ship |
| 14:56 | Construir | Fish Trap |
| 15:09 | Construir | Fish Trap |
| 15:12 | Construir | Fish Trap |
| 15:14 | Encolar | Villager (Male) |
| 15:15 | Encolar | Villager (Male) |
| 15:22 | Construir | House |
| 15:53 | Encolar | Fishing Ship |
| 15:54 | Encolar | Fishing Ship |
| 16:06 | Construir | House |
| 16:07 | Construir | House |
| 16:09 | Construir | House |
| 16:15 | Investigar | Horse Collar |
| 16:51 | Investigar | Castle Age |
| 17:13 | Construir | Stable |
| 17:23 | Construir | Farm |
| 17:24 | Construir | Farm |
| 17:26 | Construir | Farm |
| 17:27 | Construir | Farm |
| 17:32 | Construir | Farm |
| 17:36 | Construir | House |
| 17:37 | Construir | House |
| 18:04 | Construir | Fish Trap |
| 18:05 | Construir | Fish Trap |
| 18:07 | Construir | Fish Trap |
| 18:45 | Construir | House |
| 18:53 | Construir | Fish Trap |
| 18:56 | Construir | Fish Trap |
| 19:15 | Investigar | Tech 906 |
| 19:17 | Encolar | Villager (Male) |
| 19:31 | Edad | Edad de los Castillos |
| 19:44 | Construir | Archery Range |
| 19:49 | Encolar | Villager (Male) |
| 20:03 | Construir | Mining Camp |
| 20:06 | Encolar | Villager (Male) |
| 20:38 | Encolar | Villager (Male) |
| 20:52 | Construir | Town Center |
| 21:03 | Construir | House |
| 21:18 | Encolar | Villager (Male) |
| 21:18 | Encolar | Villager (Male) |
| 21:37 | Investigar | Stone Mining |
| 21:42 | Investigar | Double-Bit Axe |
| 21:44 | Investigar | Heavy Plow |
| 21:46 | Encolar | Villager (Male) |
| 22:20 | Encolar | Villager (Male) |
| 22:25 | Encolar | Villager (Male) |
| 22:30 | Encolar | Villager (Male) |
| 22:30 | Encolar | Villager (Male) |
| 22:30 | Encolar | Villager (Male) |
| 22:31 | Encolar | Villager (Male) |
| 22:33 | Encolar | Villager (Male) |
| 22:33 | Encolar | Villager (Male) |
| 22:33 | Encolar | Villager (Male) |
| 22:34 | Encolar | Villager (Male) |
| 22:34 | Encolar | Villager (Male) |
| 22:36 | Encolar | Villager (Male) |
| 22:47 | Construir | House |
| 22:49 | Construir | House |
| 23:31 | Construir | Mining Camp |
| 23:41 | Encolar | Villager (Male) |
| 23:42 | Encolar | Villager (Male) |
| 23:43 | Encolar | Villager (Male) |
| 23:43 | Encolar | Villager (Male) |
| 24:17 | Construir | Monastery |
| 24:27 | Investigar | Husbandry |
| 24:39 | Construir | Blacksmith |
| 24:44 | Construir | University |
| 24:51 | Encolar | Villager (Male) |
| 24:54 | Encolar | Villager (Male) |
| 24:55 | Encolar | Villager (Male) |
| 24:57 | Encolar | Villager (Male) |
| 25:00 | Encolar | Villager (Male) |
| 25:01 | Encolar | Villager (Male) |
| 25:23 | Investigar | Wheelbarrow |
| 25:49 | Construir | Castle |
| 26:04 | Investigar | Scale Barding Armor |
| 26:06 | Investigar | Ballistics |
| 26:11 | Encolar | Villager (Male) |
| 26:14 | Encolar | Villager (Male) |
| 26:14 | Encolar | Villager (Male) |
| 26:30 | Encolar | Villager (Male) |
| 26:30 | Encolar | Villager (Male) |
| 26:30 | Encolar | Villager (Male) |
| 26:31 | Encolar | Villager (Male) |
| 26:31 | Encolar | Villager (Male) |
| 27:26 | Construir | Farm |
| 27:29 | Construir | Farm |
| 27:31 | Construir | Farm |
| 27:32 | Construir | Farm |
| 27:36 | Construir | Farm |
| 27:37 | Construir | Farm |
| 27:39 | Construir | Farm |
| 27:50 | Construir | Farm |
| 27:56 | Encolar | Villager (Male) |
| 27:56 | Encolar | Villager (Male) |
| 27:56 | Encolar | Villager (Male) |
| 28:00 | Encolar | Ballista Elephant |
| 28:01 | Encolar | Ballista Elephant |
| 28:01 | Encolar | Ballista Elephant |
| 28:05 | Construir | Lumber Camp |
Build order — ImpactMak50
Primeras 150 de 285 acciones detectadas
| 0:02 | Encolar | Villager (Male) |
| 0:02 | Encolar | Villager (Male) |
| 0:03 | Encolar | Villager (Male) |
| 0:04 | Construir | House |
| 0:06 | Construir | House |
| 0:41 | Encolar | Villager (Male) |
| 0:41 | Encolar | Villager (Male) |
| 1:13 | Investigar | Loom |
| 1:14 | Encolar | Villager (Male) |
| 1:14 | Encolar | Villager (Male) |
| 1:33 | Encolar | Villager (Male) |
| 2:11 | Encolar | Villager (Male) |
| 2:53 | Encolar | Villager (Male) |
| 2:53 | Encolar | Villager (Male) |
| 3:31 | Encolar | Villager (Male) |
| 3:33 | Encolar | Villager (Male) |
| 4:13 | Construir | Palisade Wall |
| 4:19 | Construir | House |
| 4:20 | Construir | House |
| 4:37 | Encolar | Villager (Male) |
| 4:37 | Encolar | Villager (Male) |
| 5:09 | Construir | Lumber Camp |
| 5:26 | Encolar | Villager (Male) |
| 6:06 | Encolar | Villager (Male) |
| 6:07 | Encolar | Villager (Male) |
| 6:44 | Encolar | Villager (Male) |
| 7:16 | Encolar | Villager (Male) |
| 7:18 | Encolar | Villager (Male) |
| 7:28 | Construir | Mill |
| 8:11 | Encolar | Villager (Male) |
| 8:33 | Investigar | Feudal Age |
| 9:12 | Construir | Mining Camp |
| 9:55 | Construir | House |
| 9:56 | Construir | House |
| 10:38 | Construir | Mill |
| 10:45 | Encolar | Villager (Male) |
| 10:45 | Encolar | Villager (Male) |
| 10:47 | Investigar | Double-Bit Axe |
| 11:26 | Construir | Stone Wall |
| 11:41 | Construir | Stone Wall |
| 11:44 | Encolar | Villager (Male) |
| 11:45 | Encolar | Villager (Male) |
| 11:47 | Encolar | Villager (Male) |
| 11:51 | Investigar | Horse Collar |
| 11:54 | Investigar | Gold Mining |
| 12:49 | Encolar | Villager (Male) |
| 12:50 | Encolar | Villager (Male) |
| 12:51 | Encolar | Villager (Male) |
| 13:25 | Construir | Gate |
| 13:58 | Construir | Blacksmith |
| 14:12 | Construir | Market |
| 14:24 | Construir | Gate |
| 14:29 | Encolar | Villager (Male) |
| 14:30 | Encolar | Villager (Male) |
| 14:37 | Construir | House |
| 14:39 | Construir | House |
| 14:56 | Construir | Farm |
| 14:56 | Construir | Farm |
| 14:57 | Construir | Farm |
| 14:57 | Construir | Farm |
| 14:58 | Construir | Farm |
| 14:59 | Construir | Farm |
| 15:17 | Encolar | Villager (Male) |
| 15:18 | Encolar | Villager (Male) |
| 15:32 | Construir | Farm |
| 15:32 | Construir | Farm |
| 15:39 | Construir | Farm |
| 16:21 | Construir | Mining Camp |
| 17:21 | Investigar | Castle Age |
| 17:52 | Investigar | Stone Mining |
| 17:59 | Construir | Farm |
| 18:00 | Construir | Farm |
| 18:00 | Construir | Farm |
| 18:01 | Construir | Farm |
| 18:08 | Construir | Farm |
| 18:33 | Construir | Farm |
| 19:21 | Encolar | Villager (Male) ×5 |
| 19:51 | Investigar | Stone Shaft Mining |
| 20:10 | Construir | Town Center |
| 20:18 | Encolar | Villager (Male) |
| 20:18 | Encolar | Villager (Male) |
| 20:41 | Construir | Town Center |
| 21:12 | Investigar | Bow Saw |
| 21:33 | Investigar | Heavy Plow |
| 22:14 | Construir | House |
| 22:16 | Construir | House |
| 22:17 | Construir | House |
| 22:22 | Encolar | Villager (Male) |
| 22:22 | Encolar | Villager (Male) |
| 22:23 | Encolar | Villager (Male) |
| 22:39 | Encolar | Villager (Male) |
| 22:40 | Encolar | Villager (Male) |
| 22:46 | Encolar | Villager (Male) |
| 22:48 | Encolar | Villager (Male) |
| 22:55 | Construir | Town Center |
| 23:13 | Encolar | Villager (Male) |
| 23:13 | Encolar | Villager (Male) |
| 23:14 | Encolar | Villager (Male) |
| 23:14 | Encolar | Villager (Male) |
| 23:15 | Encolar | Villager (Male) |
| 23:15 | Encolar | Villager (Male) |
| 23:27 | Investigar | Gold Shaft Mining |
| 23:55 | Construir | University |
| 24:03 | Encolar | Villager (Male) |
| 24:03 | Encolar | Villager (Male) |
| 25:03 | Construir | Castle |
| 25:08 | Encolar | Villager (Male) ×5 |
| 25:17 | Investigar | Wheelbarrow |
| 25:32 | Encolar | Villager (Male) ×2 |
| 25:51 | Construir | House |
| 25:52 | Construir | House |
| 25:55 | Construir | House |
| 26:03 | Encolar | Villager (Male) ×3 |
| 26:41 | Encolar | Villager (Male) |
| 26:41 | Encolar | Villager (Male) |
| 26:42 | Encolar | Villager (Male) |
| 26:43 | Encolar | Villager (Male) |
| 26:49 | Construir | Farm |
| 26:49 | Construir | Farm |
| 26:53 | Construir | Farm |
| 26:54 | Construir | Farm |
| 27:08 | Encolar | Villager (Male) ×3 |
| 28:13 | Construir | Farm |
| 28:13 | Construir | Farm |
| 28:21 | Investigar | Imperial Age |
| 28:45 | Construir | Castle |
| 29:17 | Investigar | Ballistics |
| 29:34 | Investigar | Fletching |
| 29:37 | Investigar | Scale Barding Armor |
| 29:38 | Investigar | Scale Mail Armor |
| 29:39 | Investigar | Forging |
| 29:41 | Encolar | Villager (Male) |
| 29:44 | Encolar | Villager (Male) |
| 30:09 | Encolar | Villager (Male) ×2 |
| 30:19 | Construir | Farm |
| 30:19 | Construir | Farm |
| 30:19 | Construir | Farm |
| 30:28 | Encolar | Villager (Male) ×4 |
| 30:38 | Construir | Mining Camp |
| 31:05 | Encolar | Villager (Male) ×5 |
| 31:07 | Encolar | Villager (Male) |
| 31:19 | Construir | Lumber Camp |
| 31:27 | Encolar | Villager (Male) ×3 |
| 31:55 | Encolar | Villager (Male) ×5 |
| 32:19 | Investigar | Citadels |
| 32:26 | Encolar | Villager (Male) ×5 |
| 32:32 | Construir | Farm |
| 32:32 | Construir | Farm |
| 32:32 | Construir | Farm |
| 32:32 | Construir | Farm |
Build order — GuilleLeopold17
Primeras 150 de 498 acciones detectadas
| 0:02 | Encolar | Villager (Male) |
| 0:02 | Encolar | Villager (Male) |
| 0:02 | Encolar | Villager (Male) |
| 0:04 | Construir | House |
| 0:06 | Construir | House |
| 0:55 | Encolar | Villager (Male) |
| 0:56 | Encolar | Villager (Male) |
| 0:56 | Encolar | Villager (Male) |
| 1:39 | Encolar | Villager (Male) |
| 1:39 | Encolar | Villager (Male) |
| 1:55 | Encolar | Villager (Male) |
| 1:55 | Encolar | Villager (Male) |
| 2:26 | Encolar | Villager (Male) |
| 2:26 | Encolar | Villager (Male) |
| 2:27 | Encolar | Villager (Male) |
| 2:35 | Construir | Lumber Camp |
| 3:21 | Encolar | Villager (Male) ×2 |
| 3:22 | Encolar | Villager (Male) ×2 |
| 3:22 | Encolar | Villager (Male) ×2 |
| 4:03 | Encolar | Villager (Male) ×3 |
| 4:03 | Encolar | Villager (Male) ×3 |
| 4:03 | Encolar | Villager (Male) ×3 |
| 4:16 | Construir | House |
| 4:16 | Construir | House |
| 4:47 | Encolar | Villager (Male) |
| 4:47 | Encolar | Villager (Male) |
| 4:48 | Encolar | Villager (Male) |
| 5:15 | Encolar | Villager (Male) |
| 5:15 | Encolar | Villager (Male) |
| 5:51 | Encolar | Villager (Male) |
| 5:51 | Encolar | Villager (Male) |
| 6:15 | Construir | Dock |
| 6:23 | Encolar | Villager (Male) |
| 6:23 | Encolar | Villager (Male) |
| 7:11 | Encolar | Villager (Male) |
| 7:11 | Encolar | Villager (Male) |
| 7:14 | Encolar | Villager (Male) |
| 7:44 | Encolar | Villager (Male) |
| 7:45 | Encolar | Villager (Male) |
| 7:45 | Encolar | Villager (Male) |
| 8:24 | Construir | Mill |
| 8:35 | Investigar | Loom |
| 8:40 | Encolar | Villager (Male) |
| 8:40 | Encolar | Villager (Male) |
| 10:20 | Investigar | Feudal Age |
| 10:30 | Construir | Barracks |
| 10:45 | Construir | Mining Camp |
| 11:26 | Encolar | Fishing Ship |
| 11:27 | Encolar | Fishing Ship |
| 11:27 | Encolar | Fishing Ship |
| 11:34 | Construir | House |
| 11:38 | Construir | House |
| 12:29 | Construir | Farm |
| 12:29 | Construir | Farm |
| 12:30 | Construir | Farm |
| 12:30 | Construir | Farm |
| 12:30 | Construir | Farm |
| 12:30 | Edad | Edad Feudal |
| 12:31 | Construir | Farm |
| 12:31 | Construir | Farm |
| 12:31 | Construir | Farm |
| 12:32 | Construir | Farm |
| 12:32 | Construir | Farm |
| 12:33 | Construir | Farm |
| 12:33 | Construir | Farm |
| 12:57 | Construir | Farm |
| 12:57 | Construir | Farm |
| 12:58 | Construir | Farm |
| 12:58 | Construir | Farm |
| 12:58 | Construir | Farm |
| 12:58 | Construir | Farm |
| 13:01 | Encolar | Villager (Male) |
| 13:02 | Encolar | Villager (Male) |
| 13:22 | Construir | Farm |
| 13:50 | Encolar | Villager (Male) |
| 13:50 | Encolar | Villager (Male) |
| 13:50 | Encolar | Villager (Male) |
| 14:24 | Construir | Market |
| 14:50 | Investigar | Double-Bit Axe |
| 16:04 | Construir | Archery Range |
| 16:04 | Construir | Archery Range |
| 16:25 | Encolar | Villager (Male) |
| 16:44 | Investigar | Castle Age |
| 17:33 | Investigar | Tech 906 |
| 17:36 | Encolar | Fishing Ship |
| 17:37 | Encolar | Fishing Ship |
| 17:49 | Construir | Fish Trap |
| 17:50 | Construir | Fish Trap |
| 17:52 | Construir | Fish Trap |
| 18:21 | Construir | Farm |
| 18:22 | Construir | Farm |
| 18:22 | Construir | Farm |
| 18:22 | Construir | Farm |
| 18:22 | Construir | Farm |
| 18:23 | Construir | Farm |
| 18:23 | Construir | Farm |
| 18:23 | Construir | Farm |
| 18:24 | Construir | Farm |
| 18:40 | Construir | House |
| 18:41 | Construir | House |
| 18:42 | Construir | House |
| 19:26 | Construir | Fish Trap |
| 19:30 | Edad | Edad de los Castillos |
| 19:39 | Encolar | Villager (Male) |
| 19:39 | Encolar | Villager (Male) |
| 19:39 | Encolar | Villager (Male) |
| 19:54 | Encolar | Villager (Male) |
| 19:55 | Encolar | Villager (Male) |
| 20:14 | Construir | Town Center |
| 20:25 | Investigar | Pikeman (upgrade) |
| 20:30 | Encolar | Cavalry Archer |
| 20:30 | Encolar | Cavalry Archer |
| 20:31 | Encolar | Cavalry Archer |
| 20:38 | Encolar | Cavalry Archer |
| 20:58 | Construir | Fish Trap |
| 21:12 | Encolar | Fishing Ship |
| 21:16 | Encolar | Villager (Male) |
| 21:29 | Construir | Farm |
| 21:42 | Investigar | Horse Collar |
| 21:42 | Investigar | Horse Collar |
| 22:08 | Encolar | Villager (Male) |
| 22:08 | Encolar | Villager (Male) |
| 22:08 | Encolar | Villager (Male) |
| 22:09 | Encolar | Villager (Male) |
| 22:11 | Encolar | Villager (Male) ×5 |
| 22:11 | Encolar | Villager (Male) ×5 |
| 22:38 | Construir | Fish Trap |
| 22:59 | Encolar | Villager (Male) |
| 22:59 | Encolar | Villager (Male) |
| 23:07 | Construir | House |
| 23:07 | Construir | House |
| 23:08 | Construir | House |
| 23:08 | Construir | House |
| 23:08 | Construir | House |
| 23:09 | Construir | House |
| 23:09 | Construir | House |
| 23:09 | Construir | House |
| 23:09 | Construir | House |
| 23:10 | Construir | House |
| 23:10 | Construir | House |
| 23:10 | Construir | House |
| 23:10 | Construir | House |
| 23:11 | Construir | House |
| 23:11 | Construir | House |
| 23:11 | Construir | House |
| 23:29 | Encolar | Villager (Male) |
| 23:30 | Encolar | Villager (Male) |
| 24:01 | Construir | Town Center |
| 24:06 | Encolar | Villager (Male) |
| 24:10 | Encolar | Villager (Male) |
Build order — Viejo_Lobo_17
Primeras 150 de 425 acciones detectadas
| 0:03 | Encolar | Villager (Male) |
| 0:03 | Encolar | Villager (Male) |
| 0:04 | Encolar | Villager (Male) |
| 0:04 | Encolar | Villager (Male) |
| 0:07 | Construir | House |
| 1:03 | Investigar | Loom |
| 1:35 | Encolar | Villager (Male) |
| 1:35 | Encolar | Villager (Male) |
| 1:42 | Construir | House |
| 2:35 | Construir | House |
| 3:19 | Construir | Palisade Wall |
| 3:24 | Encolar | Villager (Male) |
| 3:24 | Encolar | Villager (Male) |
| 3:24 | Encolar | Villager (Male) |
| 4:01 | Encolar | Villager (Male) |
| 4:01 | Encolar | Villager (Male) |
| 4:02 | Encolar | Villager (Male) |
| 4:12 | Construir | Lumber Camp |
| 5:09 | Encolar | Villager (Male) |
| 5:10 | Encolar | Villager (Male) |
| 5:40 | Encolar | Villager (Male) |
| 5:41 | Encolar | Villager (Male) |
| 6:22 | Encolar | Villager (Male) |
| 6:22 | Encolar | Villager (Male) |
| 6:27 | Construir | House |
| 7:04 | Encolar | Villager (Male) |
| 7:05 | Encolar | Villager (Male) |
| 7:20 | Construir | Dock |
| 8:16 | Encolar | Villager (Male) |
| 8:28 | Construir | Mill |
| 8:44 | Encolar | Villager (Male) |
| 8:57 | Encolar | Villager (Male) |
| 9:04 | Encolar | Fishing Ship |
| 9:05 | Encolar | Fishing Ship |
| 9:09 | Construir | House |
| 9:33 | Encolar | Villager (Male) |
| 9:36 | Encolar | Fishing Ship |
| 10:09 | Construir | Lumber Camp |
| 10:54 | Investigar | Feudal Age |
| 10:56 | Encolar | Villager (Male) |
| 13:04 | Edad | Edad Feudal |
| 13:30 | Construir | Mill |
| 13:36 | Investigar | Wheelbarrow |
| 13:37 | Encolar | Villager (Male) |
| 13:37 | Encolar | Villager (Male) |
| 13:38 | Encolar | Villager (Male) |
| 13:41 | Investigar | Horse Collar |
| 13:46 | Investigar | Double-Bit Axe |
| 13:53 | Encolar | Fishing Ship |
| 14:28 | Construir | Mining Camp |
| 14:36 | Construir | Mining Camp |
| 14:47 | Construir | House |
| 15:21 | Encolar | Villager (Male) |
| 15:28 | Encolar | Villager (Male) |
| 16:22 | Construir | Mill |
| 17:02 | Encolar | Villager (Male) |
| 17:31 | Construir | Market |
| 17:43 | Construir | Blacksmith |
| 18:28 | Encolar | Villager (Male) |
| 18:29 | Encolar | Villager (Male) |
| 18:34 | Construir | House |
| 18:51 | Construir | Farm |
| 18:52 | Construir | Farm |
| 19:01 | Construir | Fish Trap |
| 19:03 | Construir | Fish Trap |
| 19:04 | Construir | Fish Trap |
| 19:06 | Construir | Fish Trap |
| 19:54 | Investigar | Castle Age |
| 20:18 | Construir | House |
| 20:21 | Construir | House |
| 20:23 | Construir | House |
| 21:22 | Investigar | Stone Mining |
| 21:24 | Investigar | Gold Mining |
| 21:26 | Investigar | Horse Collar |
| 21:46 | Encolar | Demolition Raft |
| 21:46 | Encolar | Demolition Raft |
| 21:52 | Encolar | Fishing Ship |
| 21:52 | Encolar | Fishing Ship |
| 22:08 | Construir | Mining Camp |
| 22:13 | Construir | Farm |
| 22:14 | Construir | Farm |
| 22:17 | Construir | Farm |
| 22:19 | Construir | Farm |
| 22:34 | Edad | Edad de los Castillos |
| 22:40 | Encolar | Villager (Male) ×5 |
| 22:45 | Construir | Town Center |
| 22:51 | Construir | Town Center |
| 23:05 | Construir | Fish Trap |
| 23:33 | Construir | Fish Trap |
| 23:44 | Encolar | Villager (Male) ×5 |
| 24:18 | Encolar | Villager (Male) |
| 24:18 | Encolar | Villager (Male) |
| 24:19 | Encolar | Villager (Male) |
| 24:19 | Encolar | Villager (Male) |
| 24:20 | Encolar | Villager (Male) |
| 24:28 | Encolar | Villager (Male) |
| 24:28 | Encolar | Villager (Male) |
| 24:29 | Encolar | Villager (Male) |
| 24:30 | Encolar | Villager (Male) |
| 24:35 | Encolar | Villager (Male) |
| 24:36 | Encolar | Villager (Male) |
| 24:36 | Encolar | Villager (Male) |
| 24:44 | Investigar | Bow Saw |
| 24:48 | Investigar | Heavy Plow |
| 25:01 | Encolar | Villager (Male) |
| 25:02 | Encolar | Villager (Male) |
| 25:06 | Encolar | Villager (Male) |
| 25:06 | Encolar | Villager (Male) |
| 25:34 | Construir | Castle |
| 25:56 | Encolar | Villager (Male) |
| 25:57 | Encolar | Villager (Male) |
| 25:57 | Encolar | Villager (Male) |
| 26:07 | Construir | Farm |
| 26:08 | Construir | Farm |
| 26:16 | Construir | Farm |
| 26:20 | Construir | Farm |
| 26:35 | Construir | Farm |
| 26:37 | Construir | Farm |
| 26:38 | Construir | Farm |
| 26:41 | Construir | Farm |
| 26:53 | Investigar | Stone Shaft Mining |
| 27:04 | Encolar | Villager (Male) |
| 27:05 | Encolar | Villager (Male) |
| 27:05 | Encolar | Villager (Male) |
| 27:05 | Encolar | Villager (Male) |
| 27:49 | Encolar | Villager (Male) |
| 27:49 | Encolar | Villager (Male) |
| 27:51 | Encolar | Villager (Male) |
| 27:52 | Encolar | Villager (Male) |
| 27:52 | Encolar | Villager (Male) |
| 27:52 | Encolar | Villager (Male) |
| 27:52 | Encolar | Villager (Male) |
| 27:53 | Encolar | Villager (Male) |
| 28:08 | Construir | Mining Camp |
| 28:51 | Construir | Barracks |
| 28:54 | Construir | Barracks |
| 28:56 | Construir | Barracks |
| 28:59 | Construir | Barracks |
| 29:02 | Investigar | Caravan |
| 29:21 | Construir | Castle |
| 29:44 | Encolar | Trade Cart |
| 29:56 | Investigar | Imperial Age |
| 30:02 | Investigar | Hand Cart |
| 30:05 | Investigar | Town Watch |
| 30:07 | Encolar | Villager (Male) |
| 30:07 | Encolar | Villager (Male) |
| 30:08 | Encolar | Villager (Male) |
| 30:27 | Construir | Farm |
| 30:30 | Construir | Farm |
| 30:32 | Construir | Farm |
Build order — felipegarcia92
Primeras 150 de 456 acciones detectadas
| 0:02 | Encolar | Villager (Male) |
| 0:02 | Encolar | Villager (Male) |
| 0:02 | Encolar | Villager (Male) |
| 0:02 | Encolar | Villager (Male) |
| 0:03 | Encolar | Villager (Male) |
| 0:04 | Construir | House |
| 0:07 | Construir | House |
| 0:40 | Investigar | Loom |
| 0:41 | Encolar | Villager (Male) |
| 0:41 | Encolar | Villager (Male) |
| 0:41 | Encolar | Villager (Male) |
| 1:14 | Construir | Palisade Wall |
| 1:41 | Encolar | Villager (Male) |
| 2:12 | Encolar | Villager (Male) |
| 2:12 | Encolar | Villager (Male) |
| 2:42 | Encolar | Villager (Male) |
| 3:11 | Encolar | Villager (Male) |
| 3:27 | Construir | Palisade Wall |
| 3:29 | Encolar | Villager (Male) |
| 4:02 | Construir | Settlement |
| 4:19 | Encolar | Villager (Male) |
| 4:24 | Construir | House |
| 4:29 | Encolar | Villager (Male) |
| 5:31 | Encolar | Villager (Male) |
| 5:31 | Encolar | Villager (Male) |
| 5:53 | Encolar | Villager (Male) |
| 5:54 | Encolar | Villager (Male) |
| 5:54 | Encolar | Villager (Male) |
| 6:11 | Construir | Settlement |
| 6:20 | Encolar | Villager (Male) |
| 6:20 | Encolar | Villager (Male) |
| 6:21 | Encolar | Villager (Male) |
| 6:42 | Encolar | Villager (Male) |
| 7:28 | Encolar | Villager (Male) |
| 7:28 | Encolar | Villager (Male) |
| 7:29 | Encolar | Villager (Male) |
| 7:29 | Encolar | Villager (Male) |
| 8:03 | Encolar | Villager (Male) |
| 8:54 | Encolar | Villager (Male) |
| 8:55 | Encolar | Villager (Male) |
| 9:57 | Construir | Barracks |
| 10:03 | Construir | Settlement |
| 10:32 | Investigar | Feudal Age |
| 10:32 | Investigar | Feudal Age |
| 11:36 | Encolar | Villager (Male) |
| 11:36 | Encolar | Villager (Male) |
| 11:37 | Encolar | Villager (Male) |
| 12:00 | Encolar | Unit 2550 |
| 12:00 | Encolar | Unit 2550 |
| 12:13 | Construir | House |
| 12:42 | Edad | Edad Feudal |
| 13:04 | Investigar | Tech 1402 |
| 13:23 | Construir | Archery Range |
| 13:29 | Encolar | Villager (Male) |
| 13:40 | Encolar | Villager (Male) |
| 13:58 | Construir | Blacksmith |
| 14:04 | Encolar | Villager (Male) |
| 14:48 | Construir | Settlement |
| 14:52 | Encolar | Villager (Male) |
| 15:00 | Encolar | Villager (Male) |
| 15:06 | Encolar | Archer |
| 15:07 | Encolar | Archer |
| 15:07 | Encolar | Skirmisher |
| 15:08 | Encolar | Skirmisher |
| 15:12 | Encolar | Unit 2550 |
| 15:13 | Encolar | Unit 2550 |
| 15:15 | Encolar | Spearman |
| 15:24 | Construir | Farm |
| 15:45 | Construir | Farm |
| 15:45 | Construir | Farm |
| 15:50 | Construir | Farm |
| 16:11 | Encolar | Villager (Male) |
| 17:01 | Encolar | Villager (Male) |
| 17:03 | Construir | Farm |
| 17:14 | Encolar | Unit 2550 |
| 17:16 | Encolar | Villager (Male) |
| 17:37 | Construir | Watch Tower |
| 17:42 | Construir | Farm |
| 17:48 | Encolar | Villager (Male) |
| 17:56 | Construir | Farm |
| 18:09 | Construir | Farm |
| 18:10 | Construir | Farm |
| 18:10 | Construir | Farm |
| 18:12 | Construir | Farm |
| 18:20 | Encolar | Skirmisher |
| 18:20 | Encolar | Archer |
| 18:32 | Construir | Farm |
| 18:34 | Investigar | Castle Age |
| 19:01 | Investigar | Horse Collar |
| 19:02 | Investigar | Double-Bit Axe |
| 19:27 | Investigar | Scale Mail Armor |
| 19:56 | Construir | Stone Wall |
| 20:23 | Construir | Farm |
| 20:24 | Construir | Farm |
| 20:29 | Construir | Farm |
| 20:29 | Construir | Farm |
| 20:30 | Construir | Farm |
| 20:46 | Encolar | Unit 2550 |
| 20:46 | Encolar | Unit 2550 |
| 20:58 | Construir | House |
| 21:04 | Construir | House |
| 21:14 | Edad | Edad de los Castillos |
| 21:16 | Construir | Stone Wall |
| 21:19 | Encolar | Villager (Male) |
| 21:19 | Encolar | Villager (Male) |
| 21:40 | Construir | Archery Range |
| 22:09 | Encolar | Villager (Male) |
| 22:28 | Construir | Farm |
| 22:29 | Encolar | Villager (Male) |
| 22:36 | Construir | Town Center |
| 23:00 | Encolar | Villager (Male) |
| 23:09 | Encolar | Bolas Rider |
| 23:09 | Encolar | Bolas Rider |
| 23:09 | Encolar | Bolas Rider |
| 23:22 | Encolar | Bolas Rider |
| 23:22 | Encolar | Bolas Rider |
| 23:22 | Encolar | Bolas Rider |
| 23:24 | Encolar | Villager (Male) |
| 23:38 | Encolar | Villager (Male) |
| 23:53 | Construir | Town Center |
| 24:10 | Construir | House |
| 24:11 | Construir | House |
| 24:14 | Construir | House |
| 24:14 | Construir | House |
| 24:18 | Encolar | Villager (Male) |
| 24:39 | Encolar | Villager (Male) |
| 24:39 | Encolar | Villager (Male) |
| 25:04 | Encolar | Bolas Rider |
| 25:04 | Encolar | Bolas Rider |
| 25:13 | Investigar | Fletching |
| 25:15 | Encolar | Villager (Male) |
| 25:23 | Investigar | Heavy Plow |
| 25:57 | Construir | Gate |
| 26:03 | Encolar | Villager (Male) |
| 26:03 | Encolar | Villager (Male) |
| 26:08 | Encolar | Villager (Male) |
| 26:08 | Encolar | Villager (Male) |
| 26:18 | Encolar | Villager (Male) |
| 26:19 | Encolar | Villager (Male) |
| 26:33 | Construir | Settlement |
| 26:52 | Investigar | Bow Saw |
| 26:53 | Investigar | Pikeman (upgrade) |
| 27:05 | Encolar | Villager (Male) |
| 27:06 | Encolar | Villager (Male) |
| 27:07 | Encolar | Villager (Male) |
| 27:08 | Encolar | Villager (Male) |
| 27:12 | Encolar | Villager (Male) |
| 27:12 | Encolar | Villager (Male) |
| 27:31 | Encolar | Villager (Male) |
| 27:31 | Encolar | Villager (Male) |
Cronología de la partida
| 1:14 | felipegarcia92 · wall_segment Palisade Wall x10 |
| 1:31 | Cpl.Psnype.ANZACS.NZ · wall_segment Palisade Wall x11 |
| 1:48 | vitavidal91 · first_building Dock |
| 1:58 | Cpl.Psnype.ANZACS.NZ · wall_segment Palisade Wall x10 |
| 1:58 | tatomagallanes · wall_segment Palisade Wall x11 |
| 2:29 | Cpl.Psnype.ANZACS.NZ · wall_segment Palisade Wall x10 |
| 3:19 | Viejo_Lobo_17 · wall_segment Palisade Wall x6 |
| 3:27 | felipegarcia92 · wall_segment Palisade Wall x13 |
| 4:13 | ImpactMak50 · wall_segment Palisade Wall x11 |
| 5:32 | Cpl.Psnype.ANZACS.NZ · wall_segment Palisade Wall x1 |
| 6:15 | GuilleLeopold17 · first_building Dock |
| 6:57 | Cpl.Psnype.ANZACS.NZ · wall_segment Palisade Wall x5 |
| 7:20 | Viejo_Lobo_17 · first_building Dock |
| 8:59 | tatomagallanes · wall_segment Palisade Wall x5 |
| 9:57 | felipegarcia92 · first_building Barracks |
| 10:05 | tatomagallanes · wall_segment Palisade Wall x4 |
| 10:30 | GuilleLeopold17 · first_building Barracks |
| 10:50 | Cpl.Psnype.ANZACS.NZ · first_building Barracks |
| 10:51 | tatomagallanes · wall_segment Palisade Wall x4 |
| 11:10 | vitavidal91 · age_up feudal |
| 11:26 | ImpactMak50 · wall_segment Stone Wall x12 |
| 11:41 | ImpactMak50 · wall_segment Stone Wall x12 |
| 11:50 | Fluvialgeomorphologist · age_up feudal |
| 12:30 | GuilleLeopold17 · age_up feudal |
| 12:42 | felipegarcia92 · age_up feudal |
| 13:04 | Viejo_Lobo_17 · age_up feudal |
| 13:10 | Cpl.Psnype.ANZACS.NZ · wall_segment Palisade Wall x1 |
| 13:16 | Cpl.Psnype.ANZACS.NZ · wall_segment Palisade Wall x1 |
| 13:18 | Cpl.Psnype.ANZACS.NZ · wall_segment Palisade Wall x1 |
| 13:23 | felipegarcia92 · first_building Archery Range |
| 14:14 | tatomagallanes · first_building Barracks |
| 15:34 | tatomagallanes · age_up feudal |
| 15:39 | tatomagallanes · first_building Stable |
| 16:04 | GuilleLeopold17 · first_building Archery Range |
| 17:13 | vitavidal91 · first_building Stable |
| 17:28 | Fluvialgeomorphologist · age_up castle |
| 17:34 | Cpl.Psnype.ANZACS.NZ · age_up feudal |
| 19:30 | GuilleLeopold17 · age_up castle |
| 19:31 | vitavidal91 · age_up castle |
| 19:44 | vitavidal91 · first_building Archery Range |
| 19:45 | tatomagallanes · age_up castle |
| 19:56 | felipegarcia92 · wall_segment Stone Wall x10 |
| 20:37 | tatomagallanes · wall_segment Stone Wall x4 |
| 20:52 | tatomagallanes · wall_segment Stone Wall x3 |
| 21:04 | tatomagallanes · wall_segment Stone Wall x2 |
| 21:11 | Fluvialgeomorphologist · first_building Barracks |
| 21:14 | felipegarcia92 · age_up castle |
| 21:14 | tatomagallanes · wall_segment Stone Wall x8 |
| 21:16 | felipegarcia92 · wall_segment Stone Wall x9 |
| 21:54 | Cpl.Psnype.ANZACS.NZ · age_up castle |
| 22:34 | Viejo_Lobo_17 · age_up castle |
| 23:13 | tatomagallanes · wall_segment Stone Wall x11 |
| 23:18 | Fluvialgeomorphologist · first_building Stable |
| 23:23 | tatomagallanes · wall_segment Stone Wall x10 |
| 23:34 | Fluvialgeomorphologist · first_building Monastery |
| 24:04 | Fluvialgeomorphologist · first_building Siege Workshop |
| 24:17 | vitavidal91 · first_building Monastery |
| 24:44 | Cpl.Psnype.ANZACS.NZ · first_building Monastery |
| 25:03 | ImpactMak50 · first_building Castle |
| 25:34 | Viejo_Lobo_17 · first_building Castle |
| 25:49 | vitavidal91 · first_building Castle |
| 25:59 | Fluvialgeomorphologist · wall_segment Stone Wall x11 |
| 26:32 | GuilleLeopold17 · first_building Monastery |
| 26:56 | Cpl.Psnype.ANZACS.NZ · first_building Siege Workshop |
| 27:05 | tatomagallanes · first_building Dock |
| 27:48 | ImpactMak50 · first_market_buy 100 food |
| 27:50 | Fluvialgeomorphologist · wall_segment Stone Wall x12 |
| 27:56 | GuilleLeopold17 · first_building Castle |
| 28:23 | tatomagallanes · first_building Castle |
| 28:51 | Viejo_Lobo_17 · first_building Barracks |
| 29:21 | Fluvialgeomorphologist · first_building Castle |
| 29:56 | felipegarcia92 · first_building Castle |
| 30:34 | Cpl.Psnype.ANZACS.NZ · first_building Castle |
| 30:39 | Fluvialgeomorphologist · age_up imperial |
| 30:51 | GuilleLeopold17 · first_building Siege Workshop |
| 32:11 | felipegarcia92 · wall_segment Stone Wall x4 |
| 32:13 | felipegarcia92 · wall_segment Stone Wall x4 |
| 33:06 | Viejo_Lobo_17 · age_up imperial |
| 34:10 | Fluvialgeomorphologist · first_building Archery Range |
| 34:36 | ImpactMak50 · first_market_sell 500 wood |
| 35:48 | tatomagallanes · wall_segment Stone Wall x6 |
| 36:04 | vitavidal91 · first_market_sell 100 food |
| 36:24 | GuilleLeopold17 · first_market_sell 100 wood |
| 36:26 | GuilleLeopold17 · first_market_buy 100 food |
| 36:39 | tatomagallanes · wall_segment Stone Wall x3 |
| 36:50 | felipegarcia92 · wall_segment Stone Wall x8 |
| 38:02 | GuilleLeopold17 · age_up imperial |
| 38:47 | Viejo_Lobo_17 · first_market_sell 500 wood |
| 39:25 | vitavidal91 · age_up imperial |
| 39:35 | Cpl.Psnype.ANZACS.NZ · age_up imperial |
| 41:19 | felipegarcia92 · age_up imperial |
| 43:21 | Fluvialgeomorphologist · first_market_sell 500 wood |
| 44:25 | ImpactMak50 · first_building Barracks |
| 45:22 | ImpactMak50 · first_building Archery Range |
| 45:33 | tatomagallanes · wall_segment Stone Wall x1 |
| 46:04 | tatomagallanes · age_up imperial |
| 52:47 | GuilleLeopold17 · first_building Stable |
| 54:06 | Viejo_Lobo_17 · first_building Siege Workshop |
| 56:19 | GuilleLeopold17 · resign |
[ ANÁLISIS IA · 1 CRÉDITO ]
¿Qué pasó realmente en esta partida?
Wolo.gg analiza cada decisión: build order, eco, micro, errores típicos por bracket. Análisis personalizado por WhatsApp o Discord en 30 segundos.
Guía civ
Eslavos
Perfil
Jugador #11663056